 Dungeon Crawl Stone Soup version 0.19-a0-450-g98b348d (webtiles) character file.

179 eoe the Skirmisher (level 5, 0/44 HPs)
             Began as a Demonspawn Gladiator on June 1, 2016.
             Succumbed to a kobold's poison
             ... on level 3 of the Dungeon.
             The game lasted 00:29:21 (3319 turns).

eoe the Skirmisher (Demonspawn Gladiator)           Turns: 3319, Time: 00:29:21

Health: 0/44       AC: 11    Str: 17    XL:     5   Next: 33%
Magic:  5/5        EV:  7    Int:  9    God:
Gold:   155        SH:  0    Dex: 13    Spells: 0 memorised, 4 levels left

rFire  + . .     SeeInvis .     a - +2 long sword
rCold  + . .     Gourm    .     o - +0 plate armour
rNeg   . . .     Faith    .     (no shield)
rPois  +         Spirit   +     c - +0 helmet
rElec  +         Dismiss  .     (no cloak)
rCorr  +         Reflect  .     (no gloves)
SustAt .         Harm     .     (no boots)
MR     .....                    r - amulet of guardian spirit
Stlth  ..........               (no ring)
                                (no ring)

@: lethally poisoned (0 -> -6), resistant, not resistant to hostile
enchantments, extremely unstealthy
A: demonic guardian 1, rot immunity, sturdy frame 1
a: no special abilities


You were on level 3 of the Dungeon.
You were not hungry.

You visited 1 branch of the dungeon, and saw 4 of its levels.

You collected 155 gold pieces.

Inventory:

Hand Weapons
 a - a +2 long sword (weapon)
 b - a +0 hunting sling of flaming
Armour
 c - a +0 helmet (worn)
 o - a +0 plate armour (worn)
Jewellery
 r - an amulet of guardian spirit (around neck)
Scrolls
 e - a scroll of magic mapping
 g - 3 scrolls of identify
 h - 4 scrolls of teleportation
Potions
 l - a potion of magic {unknown}
 m - a potion of heal wounds {unknown}
 n - a potion of resistance
 q - 2 potions of curing {unknown}
Comestibles
 f - a bread ration
 i - a meat ration
 j - 3 slices of pizza


   Skills:
 * Level 5.5 Fighting
 - Level 2.8 Long Blades
 - Level 1.7 Throwing
 - Level 2.7 Dodging


You had 4 spell levels left.
You didn't know any spells.

Dungeon Overview and Level Annotations

Branches:
Dungeon (4/15)
 Temple: D:4-7

Altars:

Annotations:
D:4 Dowan, Duvessa


Innate Abilities, Weirdness & Mutations

A weak demonic guardian rushes to your aid.
You are immune to rotting.
Your movements are slightly less encumbered by armour. (ER -2)


Message History

* * * LOW HITPOINT WARNING * * *
You feel sick.
You see here a poisoned needle.
* * * LOW HITPOINT WARNING * * *
You feel sick.
You see here a poisoned needle.
* * * LOW HITPOINT WARNING * * *
You feel sick.
There is a lethal amount of poison in your body!
It was a potion of resistance.
You feel protected.
* * * LOW HITPOINT WARNING * * *
You feel sick.
* * * LOW HITPOINT WARNING * * *
You feel sick.
* * * LOW HITPOINT WARNING * * *
You feel sick.
* * * LOW HITPOINT WARNING * * *
You feel sick.
You die...

....#....#........).#######..## #
......#..##............# ##÷.####
....#.#...#.......#....# #...##..
..........#...........## #.#.##.#
....##....#...........####.#.##.#
....##............###....>.......
....###(.#....)########..........
##### #..#..†>.#...# ##.##......
# #..(......@# #.##...... #
#<(.#..(#=## #.##...... #
#..(...(..# ##.###.##.# #
##.....(### #..# #.##.# #
###..((..#######.## #.##.#
########.....(#.......#.####....#
................)####......#..###
..............)..................
.)..(.........)..###..######..##.


There were no monsters in sight!

Vanquished Creatures
  A hound (D:3)
  4 adders
  An ooze (D:2)
  3 worms (D:2)
  3 dart slugs
  A giant gecko (D:3)
  8 orcs
  9 bats
  5 giant cockroaches
  10 goblins
  5 hobgoblins
  13 jackals
  12 kobolds
  A quokka (D:3)
  3 giant newts (D:1)
  7 rats
86 creatures vanquished.

Notes
Turn   | Place    | Note
--------------------------------------------------------------
     0 | D:1      | eoe the Demonspawn Gladiator began the quest for the Orb.
     0 | D:1      | Reached XP level 1. HP: 16/16 MP: 1/1
   213 | D:1      | Gained mutation: Your movements are slightly less encumbered by armour. (ER -2) [demonic ancestry]
   213 | D:1      | Reached XP level 2. HP: 18/23 MP: 2/2
   660 | D:1      | Reached skill level 3 in Fighting
   776 | D:1      | Reached XP level 3. HP: 13/29 MP: 3/3
  1429 | D:2      | Reached skill level 4 in Fighting
  1686 | D:2      | Gained mutation: A weak demonic guardian rushes to your aid. [demonic ancestry]
  1686 | D:2      | Reached XP level 4. HP: 10/37 MP: 4/4
  2826 | D:3      | Reached skill level 5 in Fighting
  2888 | D:3      | Gained mutation: You are immune to rotting. [demonic ancestry]
  2888 | D:3      | Reached XP level 5. HP: 40/44 MP: 5/5
  3206 | D:4      | Noticed Dowan
  3209 | D:4      | Noticed Duvessa
  3316 | D:3      | HP: 2/44 [poisoned by a kobold]
  3319 | D:3      | Succumbed to a kobold's poison

Vault maps used:
D:1:      dpeg_arrival_three_same_balls, hangedman_feature_mirror
D:2:      serial_forest, infiniplex_forest_clump_diagonal,
          infiniplex_forest_corner_1, infiniplex_forest_straight_5,
          infiniplex_forest_straight_1, infiniplex_forest_straight_3
D:3:      first_bread, minmay_misc_feat_rows
D:4:      temple_hall_moat, serial_shops, shop, shop, kennysheep_mini_moat,
          nicolae_shop_stone, eino_small_chamber_without_monster, uniq_duvessa

Skill      XL: |  1  2  3  4 |
---------------+-------------+-----
Fighting       | 3 4 5 |  5.5
Long Blades    | |  2.8
Throwing       | |  1.7
Dodging        | |  2.7

Action                   |  1- 3 |  4- 6 || total
-------------------------+-------+-------++-------
Melee: Long sword        |   113 |   143 ||   256
  Use: Scroll            |     5 |     3 ||     8
       Potion            |       |     1 ||     1
  Eat: Chunk             |     2 |     1 ||     3
       Bread ration      |       |     2 ||     2
Armor: Leather armour    |    11 |       ||    11
       Ring mail         |    24 |    18 ||    42
       Plate armour      |       |   152 ||   152
Dodge: Dodged            |    88 |    96 ||   184
